 Dungeon Crawl Stone Soup version 0.32-a0-422-g28b100f618 (webtiles) character file.

Game seed: 968443902884823856

682 Alarak the Magician (level 7, -1/45 HPs)
             Began as a Djinni Fire Elementalist on Feb 21, 2024.
             Killed from afar by Ijyb (15 damage)
             ... with a bolt of light
             ... on level 4 of the Dungeon.
             The game lasted 00:12:51 (3130 turns).

Alarak the Magician (Djinni Fire Elementalist)      Turns: 3130, Time: 00:12:56

Health: -1/45      AC:  4    Str:  7    XL:     7   Next: 93%
Gold:   145        EV: 12    Int: 19    God:
                   SH:  0    Dex: 13

rFire   + + +        p - +8 hammer of Jihappij {heavy, SInv}
rCold   . . .        (no shield)
rNeg    . . .        a - +0 robe
rPois   ∞            (no helmet)
rElec   .            j - scarf {rC+ rF+}
rCorr   .            h - +1 pair of gloves {Stlth+}
SInv    +            (boots unavailable)
Will    .....        (no amulet)
Stlth   +++          (no ring)
HPRegen 0.27/turn    (no ring)
MPRegen 0.00/turn

%: infuse magic (-2 HP)
@: flying
A: sickness immunity, fire resistance 2, cold vulnerability 1, float, innate
caster, HP casting, extra vitality 1
a: no special abilities


You were on level 4 of the Dungeon.
You visited 1 branch of the dungeon, and saw 4 of its levels.

You collected 145 gold pieces.

Inventory:

Hand Weapons
 l - a +2 dagger of freezing
 n - a +2 quarterstaff of chaos
 p - the +8 hammer of Jihappij (weapon) {heavy, SInv}
   (You found it on level 3 of the Dungeon)

   SInv:      It lets you see invisible.
Armour
 a - a +0 robe (worn)
 h - a +1 pair of gloves of stealth (worn)
 j - a scarf of resistance (worn)
 o - a +0 cloak
Scrolls
 b - a scroll of fear {unknown}
 c - 4 scrolls of teleportation {unknown}
 d - 3 scrolls of identify {unknown}
 f - a scroll of revelation {unknown}
 g - a scroll of blinking {unknown}
 i - a scroll of noise {unknown}
 k - a scroll of poison {unknown}
 m - a scroll of vulnerability {unknown}
Potions
 e - a potion of lignification {unknown}
 q - 2 potions of brilliance {unknown}
 r - a potion of heal wounds {unknown}


   Skills:
 - Level 2.1 Dodging
 - Level 1.5 Stealth
 + Level 7.0 Spellcasting
 + Level 7.0 Conjurations
 + Level 7.0 Hexes
 + Level 7.0 Summonings
 + Level 7.0 Necromancy
 + Level 7.0 Translocations
 + Level 7.0 Fire Magic
 + Level 7.0 Ice Magic
 + Level 7.0 Air Magic
 + Level 7.0 Earth Magic
 + Level 7.0 Alchemy


You knew the following spells:

 Your Spells              Type           Power      Damage    Failure   Level
a - Foxfire               Conj/Fire      100%       2x1d9     1%          1
b - Scorch                Fire           66%        2d7       1%          2
c - Volatile Blastmotes   Fire/Tloc      66%        2d15      1%          3
d - Inner Flame           Hex/Fire       33%        N/A       1%          3
e - Flame Wave            Conj/Fire      33%        2d10      5%          4
f - Necrotise             Necr           100%       1d9       1%          1
g - Static Discharge      Conj/Air       66%        3-6/arc   1%          2
h - Summon Ice Beast      Ice/Summ       33%        N/A       1%          3
Your spell library was empty.

Dungeon Overview and Level Annotations

Branches:
Dungeon (4/15)
 Temple: D:4-7

Altars:
Trog
The Shining One

Shops:
D:2 :   D:3 =

Annotations:
D:4 Ijyb


Innate Abilities, Weirdness & Mutations

You are immune to sickness and miasma.
You are immune to poison.
Your flesh is very heat resistant. (rF++)
You are vulnerable to cold. (rC-)
You float through the air rather than walking.
You learn spells naturally, not from books.
Your magical power is your life essence.
You have superior vitality. (+4 MHP)


Message History

The fiery explosion engulfs you! You resist.
The fiery explosion engulfs your foxfire.
Your foxfire completely resists.
The foxfire hits the ball python!
The ball python explodes!
You start resting.
Ijyb the Inquisitive comes into view.
She is wielding a +0 dagger and carrying a wand of light.
Casting: Scorch (safe; 1% risk of failure)
Confirm with . or Enter, or press ? or * to list all spells.
Aiming: Inner Flame (safe; 1% risk of failure)
Press: ? - help, Dir - move target, f - Ijyb
Aim: Ijyb, wielding a +0 dagger, wearing a +0 chain mail, quivering stones and carrying a wand of light (wandering, hasn't noticed you, chance to affect: 91%) Ijyb shouts!
Ijyb is filled with an inner flame.
Ijyb throws a stone.
The stone hits you.
You conjure some foxfire!
You conjure some foxfire!
The foxfire hits Ijyb but does no damage.
You conjure some foxfire!
The foxfire hits Ijyb but does no damage. x2
Ijyb zaps a wand.
The bolt of light hits you!!
You are confused.
* * * LOW HITPOINT WARNING * * *
The bolt of light hits your foxfire!
You're too confused to cast spells.
Unknown command.
You're too confused to cast spells.
You're too confused to cast spells.
You barely miss your foxfire.
You feel less confused.
The foxfire hits Ijyb.
Flame seeps out of Ijyb.
Ijyb is lightly wounded.
The foxfire hits Ijyb.
Flame seeps out of Ijyb.
Ijyb is moderately wounded.
The foxfire hits Ijyb but does no damage.
Ijyb is moderately wounded.
Ijyb is engulfed in blazing flames.
Flame seeps out of Ijyb.
Ijyb zaps a wand.
The bolt of light misses you.
Ijyb is engulfed in blazing flames.
Flame seeps out of Ijyb.
Ijyb zaps a wand.
The bolt of light hits you!
You die...
Ijyb screams, "Time for next experiment!"

#..........# ###
#.........####.###
###.........##...##
........§#........#
..........#..#....##
..............##.####
............###...#.##
.............#.§§§...#
...........§§@##..#
..........§$§# ###
#...##...§§. ....
#......# ##.##.g.# ##
.### #>... .##..
...... Y..##.. .#....
##S).....


You could see Ijyb (inner flame).

Vanquished Creatures
  Sigmund (D:3)
  An ice beast (D:4)
  A bombardier beetle (D:4)
  2 orc priests
  Crazy Yiuf (D:3)
  An iguana (D:3)
  Natasha (D:4)
  2 orc wizards (D:3)
  6 adders
  2 dart slugs
  2 ribbon worms (D:3)
  11 orcs
  5 ball pythons
  8 bats
  6 endoplasms
  A giant cockroach (D:1)
  8 goblins
  6 hobgoblins
  9 jackals
  5 kobolds
  A quokka (D:1)
  2 frilled lizards
  4 rats
86 creatures vanquished.

Vanquished Creatures (others)
  259 foxfires
259 creatures vanquished.

Grand Total: 345 creatures vanquished

Notes
Turn   | Place    | Note
-------+----------+-------------------------------------------
     0 | D:1      | Alarak the Djinni Fire Elementalist began the quest for the
                  | Orb.
     0 | D:1      | Alarak set off with the following spells memorised:
                  | Foxfire, Scorch, Volatile Blastmotes, Inner Flame, Flame
                  | Wave.
     0 | D:1      | Reached XP level 1. HP: 15/15 MP: 0/0
   211 | D:1      | Reached XP level 2. HP: 18/21 MP: 0/0
   332 | D:1      | Reached XP level 3. HP: 19/25 MP: 0/0
   332 | D:1      | Learned a level 1 spell: Necrotise
   924 | D:2      | Reached XP level 4. HP: 25/31 MP: 0/0
  1272 | D:2      | Reached XP level 5. HP: 31/35 MP: 0/0
  1272 | D:2      | Learned a level 2 spell: Static Discharge
  1369 | D:2      | Found Leup Naa's Book Shoppe.
  1752 | D:3      | Reached skill level 5 in Spellcasting
  1752 | D:3      | Reached skill level 5 in Conjurations
  1752 | D:3      | Reached skill level 5 in Hexes
  1752 | D:3      | Reached skill level 5 in Summonings
  1752 | D:3      | Reached skill level 5 in Necromancy
  1752 | D:3      | Reached skill level 5 in Translocations
  1752 | D:3      | Reached skill level 5 in Fire Magic
  1752 | D:3      | Reached skill level 5 in Ice Magic
  1752 | D:3      | Reached skill level 5 in Air Magic
  1752 | D:3      | Reached skill level 5 in Earth Magic
  1752 | D:3      | Reached skill level 5 in Alchemy
  1773 | D:3      | Noticed Sigmund
  1777 | D:3      | Killed Sigmund
  1778 | D:3      | Reached XP level 6. HP: 29/40 MP: 0/0
  1882 | D:3      | Found a runed translucent door.
  1883 | D:3      | Noticed Crazy Yiuf
  2074 | D:3      | Reached XP level 7. HP: 30/45 MP: 0/0
  2074 | D:3      | Learned a level 3 spell: Summon Ice Beast
  2514 | D:3      | Found a glowing golden altar of the Shining One.
  2565 | D:3      | Found Midixt's Jewellery Shop.
  2700 | D:3      | Killed Crazy Yiuf
  2705 | D:3      | Identified the +8 hammer of Jihappij {heavy, SInv}
  2960 | D:4      | Found a bloodstained altar of Trog.
  3070 | D:4      | Noticed Natasha
  3074 | D:4      | Killed Natasha
  3125 | D:4      | Noticed Ijyb
  3130 | D:4      | Killed from afar by Ijyb

Illustrated notes

Levels and vault maps discovered:
D:1:      dpeg_arrival_round_c, layout_basic, minmay_misc_feat_secret_circle
D:2:      layout_loops_ring, serial_shops, nicolae_shop_peninsula
D:3:      layout_rooms, nicolae_tso_carved_into_rock, serial_shops,
          nicolae_lakefront_shop, uniq_crazy_yiuf_cottage, uniq_sigmund
D:4:      layout_cave_pools, trog_book, serial_shops,
          nicolae_shop_tiny_statue_garden, uniq_ijyb, uniq_natasha

Skill      XL: |  1  2  3  4  5  6  7 |
---------------+----------------------+-----
Spellcasting   | 4 5 6 7 |  7.0
Conjurations   | 4 5 6 7 |  7.0
Hexes          | 4 5 6 7 |  7.0
Summonings     | 4 5 6 7 |  7.0
Necromancy     | 4 5 6 7 |  7.0
Translocations | 4 5 6 7 |  7.0
Fire Magic     | 4 5 6 7 |  7.0
Ice Magic      | 4 5 6 7 |  7.0
Air Magic      | 4 5 6 7 |  7.0
Earth Magic    | 4 5 6 7 |  7.0
Alchemy        | 4 5 6 7 |  7.0
Dodging        | |  2.1
Stealth        | |  1.5

Action                     |  1- 3 |  4- 6 |  7- 9 || total
---------------------------+-------+-------+-------++-------
  Melee: Mace              |       |       |     1 ||     1
   Cast: Foxfire           |    57 |    57 |    45 ||   159
         Scorch            |     5 |    10 |     5 ||    20
         Inner Flame       |       |    12 |    16 ||    28
         Volatile Blastmot |       |     2 |     2 ||     4
         Flame Wave        |       |       |     2 ||     2
         Static Discharge  |       |       |     1 ||     1
 Armour: Robe              |       |     4 |     9 ||    13
  Dodge: Dodged            |     1 |     2 |     7 ||    10

Table legend: (Time is in decaauts)
 A = Elapsed time spent in this place.
 B = Non-inter-level travel time spent in this place.
 C = Inter-level travel time spent in this place.
 D = Time resting spent in this place.
 E = Time spent auto-exploring this place.
 F = Levels seen in this place.
 G = Mean time per level.
                   A        B        C        D        E       F      G
               +--------+--------+--------+--------+--------+-----+--------+
         Total |   3129 |   3013 |    116 |    306 |   2315 |   4 |  782.2 |
       Dungeon |   3129 |   3013 |    116 |    306 |   2315 |   4 |  782.2 |
               +--------+--------+--------+--------+--------+-----+--------+

Top non-repeatable levels by time:
     D:3: 1159 daAuts
     D:2: 870 daAuts
     D:1: 866 daAuts
     D:4: 234 daAuts
